 Dungeon Crawl Stone Soup version 0.17-a0-72-gd614ac0 (webtiles) character file.

9 Chiseanne the Magician (level 2, -2/17 HPs)
             Began as an Octopode Wizard on Mar 13, 2015.
             Slain by a gnoll
             ... wielding a +0 spear
              (11 damage)
             ... on level 1 of the Dungeon.
             The game lasted 00:02:31 (501 turns).

Chiseanne the Magician (Octopode Wizard)             Turns: 501, Time: 00:02:31

Health: -2/17      AC:  1    Str:  6    XL:     2   Next: 12%
Magic:  0/6        EV: 12    Int: 20    God:
Gold:   28         SH:  0    Dex: 10    Spells: 3 memorised, 2 levels left

rFire  . . .     SeeInvis .     i - +0 mace
rCold  . . .     Clarity  .     (no shield)
rNeg   . . .     SustAb   .     b - +0 hat
rPois  .         Gourm    .     (no amulet)
rElec  .         Spirit   .     (no ring)
rCorr  .         Warding  .     (no ring)
rMut   .         Stasis   .     (no ring)
MR     .....                    (no ring)
Stlth  +++.......               (no ring)
                                (no ring)
                                (no ring)
                                (no ring)

@: repel missiles, not resistant to hostile enchantments, fairly stealthy
A: almost no armour, amphibious, 8 rings, constrict 8, camouflage 1, gelatinous
body 1
a: no special abilities


You were on level 1 of the Dungeon.
You were not hungry.

You visited 1 branch of the dungeon, and saw 1 of its levels.

You collected 28 gold pieces.

Inventory:

Hand weapons
 i - a +0 mace (weapon)
Armour
 b - a +0 hat (worn)
Scrolls
 a - a scroll of remove curse {unknown}
 f - a scroll of fog {unknown}
Potions
 e - 2 potions of curing {unknown}
Books
 c - a book of Minor Magic

   Spells                             Type                      Level
   a - Magic Dart                     Conjuration                  1
   b - Blink                          Translocation                2
   c - Call Imp                       Summoning                    2
   d - Repel Missiles                 Charms/Air                   2
   e - Slow                           Hexes                        2
   f - Conjure Flame                  Conjuration/Fire             3
   g - Mephitic Cloud                 Conjuration/Poison/Air       3
Comestibles
 d - a bread ration
 h - a beef jerky


   Skills:
 - Level 2.0 Dodging
 - Level 2.6 Stealth
 * Level 3.4 Spellcasting
 * Level 1.1 Conjurations
   Level 1.0 Summonings
 - Level 1.0 Translocations


You had 2 spell levels left.
You knew the following spells:

 Your Spells              Type           Power        Failure   Level  Hunger
a - Magic Dart            Conj           #...         12%         1    None
b - Blink                 Tloc           N/A          17%         2    ##.....
c - Repel Missiles        Chrm/Air       #.....       24%         2    ##.....


Dungeon Overview and Level Annotations

Branches:
Dungeon (1/15)

Altars:


Innate Abilities, Weirdness & Mutations

You cannot wear most types of armour.
You are amphibious.
You can wear up to eight rings at the same time.
You can use your tentacles to constrict many enemies at once.
Your skin changes colour to match your surroundings (Stealth).
Your rubbery body absorbs attacks (AC +1).


Message History

Casting: Magic Dart
Confirm with . or Enter, or press ? or * to list all spells.
Aiming: Magic Dart
Press: ? - help, Shift-Dir - straight line, f/p - gnoll
Aim: a gnoll, wielding a spear (heavily wounded)
The magic dart hits the gnoll.
The gnoll is heavily wounded.
The bat barely misses you.
The gnoll hits you from afar with a spear!
Casting: Magic Dart
Confirm with . or Enter, or press ? or * to list all spells.
Aiming: Magic Dart
Press: ? - help, Shift-Dir - straight line, f/p - gnoll
Aim: a gnoll, wielding a spear (heavily wounded)
The magic dart hits the gnoll.
The gnoll is severely wounded.
The bat barely misses you.
The gnoll hits you from afar with a spear!
Ouch! That really hurt!
You die...

...# #..# #..# #.)#
#.#.####..#
..>.......#
..#.####.#####
#.####g# #.. #..b@..#
#.# #.##.### #.#
#.##.# #.# #.##.#
##.##
#######.##.####...####
###
#...............#....#
..#
#.#####.####.##...##.#
#.# #.# #÷#
#.###.###.# #†# #.#
#.# #.# #.# #.#


You could see a gnoll and a bat.

Vanquished Creatures
  2 goblins (D:1)
  A jackal (D:1)
  3 bats (D:1)
  A giant newt (D:1)
  A kobold (D:1)
  A rat (D:1)
9 creatures vanquished.

Notes
Turn   | Place    | Note
--------------------------------------------------------------
     0 | D:1      | Chiseanne, the Octopode Wizard, began the quest for the Orb.
     0 | D:1      | Reached XP level 1. HP: 11/11 MP: 4/4
   230 | D:1      | Reached XP level 2. HP: 17/17 MP: 1/6
   282 | D:1      | Learned a level 2 spell: Blink
   285 | D:1      | Learned a level 2 spell: Repel Missiles
   501 | D:1      | Slain by a gnoll

Action                   || total
-------------------------++-------
Melee: Unarmed           ||     2
 Cast: Magic Dart        ||    23
       Repel Missiles    ||     1
